ITL
WISCONSIN TIMBER RATTLERS @ AMARILLO ARCHDUKES
04/12/2026
 
TOP OF THE 1ST
Wisconsin Timber Rattlers batting - Pitching for Amarillo Archdukes : RHP José Abacil
Pitching: RHP José Abacil
Batting: RHB António Pérez 0-0: Ball
1-0: Ball
2-0: Called Strike
2-1: SINGLE (Line Drive, 7LS)
Batting: RHB Fraser Stanton 0-0: Ball
1-0: Foul Ball, location: 2F
1-1: Grounds into double play, U4-3 (Groundball, 4M)
Batting: RHB William Farmer 0-0: Foul Ball, location: 2F
0-1: Ball
1-1: Foul Ball, location: 2F
1-2: Strikes out swinging
Top of the 1st over - 0 run(s), 1 hit(s), 0 error(s), 0 left on base; Wisconsin 0 - Amarillo 0
BOTTOM OF THE 1ST
Amarillo Archdukes batting - Pitching for Wisconsin Timber Rattlers : LHP Byron Dunn
Pitching: LHP Byron Dunn
Batting: RHB Tony Quinn 0-0: SINGLE (Flyball, 3D)
Batting: LHB Chris Pryor 0-0: Ball
1-0: Ball
Passed Ball!
Tony Quinn to second
2-0: Ball
3-0: Called Strike
3-1: DOUBLE (Flyball, 89D)
Tony Quinn scores
Batting: RHB Tim Chambers 0-0: Ball
1-0: Fly out, F8 (Flyball, 8RXD)
Runner from 2nd tags up, SAFE at 3rd, no throw
Batting: LHB Michael Cook 0-0: Called Strike
0-1: Called Strike
0-2: Ball
1-2: Ball
2-2: Ball
3-2: Ground out 4-3 (Groundball, 4S)
Chris Pryor scores
Batting: LHB Héctor Martínez 0-0: Swinging Strike
0-1: Ball
1-1: Swinging Strike
1-2: Foul Ball, location: 2F
1-2: Ball
2-2: SINGLE (Line Drive, 89S)
Batting: LHB Howard Lambert 0-0: Ball
1-0: Foul Ball, location: 2F
1-1: Ball
2-1: Ball
3-1: Called Strike
3-2: Ground out U3 (Groundball, 3)
Bottom of the 1st over - 2 run(s), 3 hit(s), 0 error(s), 1 left on base; Wisconsin 0 - Amarillo 2
TOP OF THE 2ND
Wisconsin Timber Rattlers batting - Pitching for Amarillo Archdukes : RHP José Abacil
Batting: RHB Vicente Vélez 0-0: Swinging Strike
0-1: Swinging Strike
0-2: Ball
1-2: Ball
2-2: Foul Ball, location: 2F
2-2: Ball
3-2: Ground out 5-3 (Groundball, 5S)
Batting: RHB Bailey Ramsey 0-0: Swinging Strike
0-1: Foul Ball, location: 2F
0-2: Ball
1-2: Ground out U3 (Groundball, 3S)
Batting: LHB John Latham 0-0: Fly out, F7 (Flyball, 7M)
Top of the 2nd over - 0 run(s), 0 hit(s), 0 error(s), 0 left on base; Wisconsin 0 - Amarillo 2
BOTTOM OF THE 2ND
Amarillo Archdukes batting - Pitching for Wisconsin Timber Rattlers : LHP Byron Dunn
Batting: RHB Ronald Parsons 0-0: Ball
1-0: Ball
2-0: Foul Ball, location: 2F
2-1: Ball
3-1: Swinging Strike
3-2: Base on Balls
Batting: SHB Orlando Aguilar 0-0: Foul Ball, location: 2F
0-1: Fly out, F9 (Line Drive, 89D)
Batting: RHB Matt Richards 0-0: Ball
1-0: Ball
2-0: Swinging Strike
2-1: Called Strike
2-2: Foul Ball, location: 2F
2-2: Grounds into double play, 6-4-3 (Groundball, 6M)
Bottom of the 2nd over - 0 run(s), 0 hit(s), 0 error(s), 0 left on base; Wisconsin 0 - Amarillo 2
TOP OF THE 3RD
Wisconsin Timber Rattlers batting - Pitching for Amarillo Archdukes : RHP José Abacil
Batting: LHB Enrique Tirado 0-0: Ground out 1-3 (Groundball, 15S)
Batting: RHB Murdoch Norton 0-0: Called Strike
0-1: Called Strike
0-2: Ground out U3 (Groundball, 3L)
Batting: RHB Alfredo Padilla 0-0: Called Strike
0-1: Fly out, F7 (Flyball, 78XD)
Top of the 3rd over - 0 run(s), 0 hit(s), 0 error(s), 0 left on base; Wisconsin 0 - Amarillo 2
BOTTOM OF THE 3RD
Amarillo Archdukes batting - Pitching for Wisconsin Timber Rattlers : LHP Byron Dunn
Batting: RHB Tony Quinn 0-0: Ball
1-0: Foul Ball, location: 2F
1-1: Ball
2-1: Ground out 2-3 (Groundball, 25)
Batting: LHB Chris Pryor 0-0: Called Strike
0-1: Foul Ball, location: 2F
0-2: Ball
1-2: Foul Ball, location: 2F
1-2: Foul Ball, location: 2F
1-2: Ball
2-2: Ground out U3 (Groundball, 3)
Batting: RHB Tim Chambers 0-0: Ground out 5-3 (Groundball, 5S)
Bottom of the 3rd over - 0 run(s), 0 hit(s), 0 error(s), 0 left on base; Wisconsin 0 - Amarillo 2
TOP OF THE 4TH
Wisconsin Timber Rattlers batting - Pitching for Amarillo Archdukes : RHP José Abacil
Batting: RHB António Pérez 0-0: Ball
1-0: Swinging Strike
1-1: Ball
2-1: Ground out 6-3 (Groundball, 6M)
Batting: RHB Fraser Stanton 0-0: Foul Ball, location: 2F
0-1: Foul Ball, location: 2F
0-2: Strikes out swinging
Batting: RHB William Farmer 0-0: Ball
1-0: Called Strike
1-1: SINGLE (Line Drive, 89S)
Batting: RHB Vicente Vélez 0-0: Ball
1-0: SINGLE (Groundball, 56D)
William Farmer to second
Batting: RHB Bailey Ramsey 0-0: Called Strike
0-1: Foul Ball, location: 2F
0-2: Foul Ball, location: 2F
0-2: Foul Ball, location: 2F
0-2: Ball
1-2: Foul Ball, location: 2F
1-2: Foul Ball, location: 2F
1-2: Strikes out swinging
Top of the 4th over - 0 run(s), 2 hit(s), 0 error(s), 2 left on base; Wisconsin 0 - Amarillo 2
BOTTOM OF THE 4TH
Amarillo Archdukes batting - Pitching for Wisconsin Timber Rattlers : LHP Byron Dunn
Batting: LHB Michael Cook 0-0: Called Strike
0-1: Ball
1-1: Called Strike
1-2: Ball
2-2: Foul Ball, location: 2F
2-2: Ball
3-2: Base on Balls
Batting: LHB Héctor Martínez 0-0: Ball
1-0: Fly out, F5 (Line Drive, 5)
Batting: LHB Howard Lambert 0-0: SINGLE (Groundball, 34D)
Michael Cook to second
Runner from 2nd tries for 3rd, SAFE, throw made to third
Batting: RHB Ronald Parsons 0-0: Ball
1-0: Fly out, F4 (Line Drive, 4)
Batting: SHB Orlando Aguilar 0-0: Ball
1-0: Foul Ball, location: 2F
1-1: Ball
2-1: Foul Ball, location: 2F
2-2: SINGLE (Line Drive, 56D)
Michael Cook scores
Howard Lambert to second
Batting: RHB Matt Richards 0-0: Ball
1-0: Fly out, F7 (Flyball, 7D)
Bottom of the 4th over - 1 run(s), 2 hit(s), 0 error(s), 2 left on base; Wisconsin 0 - Amarillo 3
TOP OF THE 5TH
Wisconsin Timber Rattlers batting - Pitching for Amarillo Archdukes : RHP José Abacil
Batting: LHB John Latham 0-0: Ball
1-0: DOUBLE (Line Drive, 9LS)
Batting: LHB Enrique Tirado 0-0: Called Strike
0-1: Ground out 4-3 (Groundball, 34)
John Latham to third
Batting: RHB Murdoch Norton 0-0: Called Strike
0-1: Ball
1-1: Ball
2-1: Ball
3-1: Ground out 4-3 (Groundball, 13)
John Latham scores
Batting: RHB Alfredo Padilla 0-0: Foul Ball, location: 2F
0-1: Foul Ball, location: 2F
0-2: Foul Ball, location: 2F
0-2: Ball
1-2: SINGLE (Line Drive, 7S)
Batting: RHB António Pérez 0-0: Ball
1-0: Called Strike
1-1: Foul Ball, location: 2F
1-2: Ball
2-2: Ball
3-2: Fly out, F8 (Flyball, 8RXD)
Top of the 5th over - 1 run(s), 2 hit(s), 0 error(s), 1 left on base; Wisconsin 1 - Amarillo 3
BOTTOM OF THE 5TH
Amarillo Archdukes batting - Pitching for Wisconsin Timber Rattlers : LHP Byron Dunn
Batting: RHB Tony Quinn 0-0: Ball
1-0: Ball
2-0: Called Strike
2-1: Foul Ball, location: 2F
2-2: Ball
3-2: Base on Balls
Batting: LHB Chris Pryor 0-0: Ball
1-0: Called Strike
1-1: Swinging Strike
1-2: Foul Ball, location: 2F
1-2: SINGLE (Flyball, 9S)
Tony Quinn to second
Runner from 2nd tries for 3rd, SAFE, no throw or cutoff
Batting: RHB Tim Chambers 0-0: Ball
1-0: Foul Ball, location: 2F
1-1: Grounds into double play, 1-6-3 (Groundball, 15S)
Batting: LHB Michael Cook 0-0: Ball
1-0: Foul Ball, location: 2F
1-1: Swinging Strike
1-2: Ball
2-2: Fly out, F7 (Line Drive, 7S)
Bottom of the 5th over - 0 run(s), 1 hit(s), 0 error(s), 1 left on base; Wisconsin 1 - Amarillo 3
TOP OF THE 6TH
Wisconsin Timber Rattlers batting - Pitching for Amarillo Archdukes : RHP José Abacil
Batting: RHB Fraser Stanton 0-0: Called Strike
0-1: SINGLE (Flyball, 9LM)
Batting: RHB William Farmer 0-0: Called Strike
0-1: Swinging Strike
0-2: Foul Ball, location: 2F
0-2: Ball
1-2: Ball
2-2: Strikes out swinging
Batting: RHB Vicente Vélez 0-0: Ball
1-0: Ball
2-0: Foul Ball, location: 2F
2-1: Fly out, F7 (Flyball, 7M)
Batting: RHB Bailey Ramsey 0-0: Called Strike
0-1: Called Strike
Fraser Stanton steals 2nd base
0-2: Ball
Wild Pitch!
Fraser Stanton to third
1-2: Fly out, F7 (Flyball, 7M)
Top of the 6th over - 0 run(s), 1 hit(s), 0 error(s), 1 left on base; Wisconsin 1 - Amarillo 3
BOTTOM OF THE 6TH
Amarillo Archdukes batting - Pitching for Wisconsin Timber Rattlers : LHP Byron Dunn
Batting: LHB Héctor Martínez 0-0: Ground out 6-3 (Groundball, 6M)
Batting: LHB Howard Lambert 0-0: Ball
1-0: SOLO HOME RUN (Line Drive, 89XD), Distance : 369 ft
Batting: RHB Ronald Parsons 0-0: SINGLE (Groundball, 56)
Batting: SHB Orlando Aguilar 0-0: Foul Ball, location: 2F
0-1: Foul Ball, location: 2F
0-2: Ball
1-2: Ball
2-2: SINGLE (Groundball, 56D)
Ronald Parsons to second
Pitching: RHP Richard Hardin
Batting: RHB Matt Richards 0-0: Called Strike
0-1: Swinging Strike
0-2: Ball
1-2: Foul Ball, location: 2F
1-2: Foul Ball, location: 2F
1-2: Foul Ball, location: 2F
1-2: Ball
2-2: Strikes out swinging
Batting: RHB Tony Quinn 0-0: Reached on error, E5 (Groundball, 5S)
Ronald Parsons to third
Orlando Aguilar to second
Batting: LHB Chris Pryor 0-0: Ball
1-0: Ball
2-0: Ball
3-0: Called Strike
3-1: Foul Ball, location: 2F
3-2: Base on Balls
Ronald Parsons scores
Orlando Aguilar to third
Tony Quinn to second
Batting: RHB Tim Chambers 0-0: Ball
1-0: Foul Ball, location: 2F
1-1: GRAND SLAM HOME RUN (Flyball, 7D), Distance : 351 ft
Batting: LHB Michael Cook 0-0: Ground out U3 (Groundball, 3S)
Bottom of the 6th over - 6 run(s), 4 hit(s), 1 error(s), 0 left on base; Wisconsin 1 - Amarillo 9
TOP OF THE 7TH
Wisconsin Timber Rattlers batting - Pitching for Amarillo Archdukes : RHP José Abacil
Batting: LHB John Latham 0-0: Foul Ball, location: 2F
0-1: Ball
1-1: Ball
2-1: Ground out 4-3 (Groundball, 4)
Batting: LHB Enrique Tirado 0-0: Called Strike
0-1: Ground out 4-3 (Groundball, 4)
Batting: RHB Murdoch Norton 0-0: Called Strike
0-1: Ball
1-1: Foul Ball, location: 2F
1-2: Foul Ball, location: 2F
1-2: SINGLE (Line Drive, 4MD)
Batting: RHB Alfredo Padilla 0-0: Swinging Strike
0-1: Foul Ball, location: 2F
0-2: Foul Ball, location: 2F
0-2: Foul Ball, location: 2F
0-2: Foul Ball, location: 2F
0-2: Ball
1-2: Ball
2-2: Ball
3-2: Foul Ball, location: 2F
3-2: Foul Ball, location: 2F
3-2: Ground out 5-3 (Groundball, 56S)
Top of the 7th over - 0 run(s), 1 hit(s), 0 error(s), 1 left on base; Wisconsin 1 - Amarillo 9
BOTTOM OF THE 7TH
Amarillo Archdukes batting - Pitching for Wisconsin Timber Rattlers : RHP Richard Hardin
Batting: LHB Héctor Martínez 0-0: Ball
1-0: Called Strike
1-1: Ball
2-1: Fly out, F3 (Popup, 3F)
Batting: LHB Howard Lambert 0-0: Swinging Strike
0-1: Ball
1-1: Ball
2-1: Ball
3-1: Base on Balls
Batting: RHB Ronald Parsons 0-0: Swinging Strike
0-1: Foul Ball, location: 2F
0-2: Strikes out looking
Batting: SHB Orlando Aguilar 0-0: Called Strike
Howard Lambert is caught stealing 2nd base
Bottom of the 7th over - 0 run(s), 0 hit(s), 0 error(s), 0 left on base; Wisconsin 1 - Amarillo 9
TOP OF THE 8TH
Wisconsin Timber Rattlers batting - Pitching for Amarillo Archdukes : RHP José Abacil
Pitching: RHP Frederick Kern
Now in RF: Jorge Martínez
Batting: RHB António Pérez 0-0: Foul Ball, location: 2F
0-1: Called Strike
0-2: Ball
1-2: Ball
2-2: Strikes out swinging
Batting: RHB Fraser Stanton 0-0: Fly out, F4 (Popup, 4M)
Batting: RHB William Farmer 0-0: Ball
1-0: Swinging Strike
1-1: Foul Ball, location: 2F
1-2: Ball
2-2: Fly out, F9 (Flyball, 89M)
Top of the 8th over - 0 run(s), 0 hit(s), 0 error(s), 0 left on base; Wisconsin 1 - Amarillo 9
BOTTOM OF THE 8TH
Amarillo Archdukes batting - Pitching for Wisconsin Timber Rattlers : RHP Richard Hardin
Batting: SHB Orlando Aguilar 0-0: Ball
1-0: Ground out 5-3 (Groundball, 5D)
Pitching: RHP Jonas Malaret
Batting: RHB Matt Richards 0-0: Ground out 5-3 (Groundball, 56)
Batting: RHB Tony Quinn 0-0: DOUBLE (Groundball, 5L)
Batting: LHB Chris Pryor 0-0: Foul Ball, location: 2F
0-1: Ball
1-1: Ball
2-1: Ball
3-1: Fly out, F7 (Flyball, 78D)
Bottom of the 8th over - 0 run(s), 1 hit(s), 0 error(s), 1 left on base; Wisconsin 1 - Amarillo 9
TOP OF THE 9TH
Wisconsin Timber Rattlers batting - Pitching for Amarillo Archdukes : RHP Frederick Kern
Batting: RHB Vicente Vélez 0-0: Called Strike
0-1: Ball
1-1: Foul Ball, location: 2F
1-2: Strikes out swinging
Batting: RHB Bailey Ramsey 0-0: SINGLE (Line Drive, 56D)
Batting: LHB John Latham 0-0: Swinging Strike
0-1: Ball
1-1: Swinging Strike
1-2: Foul Ball, location: 2F
1-2: Strikes out looking
Batting: LHB Enrique Tirado 0-0: Ball
1-0: Ball
2-0: TRIPLE (Flyball, 9LD)
Bailey Ramsey scores
Batting: RHB Murdoch Norton 0-0: Called Strike
0-1: Ground out U3 (Groundball, 3S)
Top of the 9th over - 1 run(s), 2 hit(s), 0 error(s), 1 left on base; Wisconsin 2 - Amarillo 9
Monday, December 5th, 2016 - OOTP Baseball 17.12 Build 75